 Dungeon Crawl Stone Soup version 0.20-b1-24-gb21faa7 (webtiles) character file.

756 Gorglomux the Covered (level 7, -2/44 HPs)
             Began as a Gargoyle Fighter on May 25, 2017.
             Killed by divine providence
             ... invoked by an orc priest
              (16 damage)
             ... on level 5 of the Dungeon.
             The game lasted 00:12:46 (4859 turns).

Gorglomux the Covered (Gargoyle Fighter)            Turns: 4859, Time: 00:12:46

Health: -2/44      AC: 14    Str: 25    XL:     7   Next: 79%
Magic:  7/7        EV:  9    Int:  8    God:
Gold:   225        SH: 10    Dex: 11    Spells: 6/6 levels left

rFire    . . .     SeeInvis .   a - +0 flail
rCold    . . .     Gourm    .   c - +0 shield
rNeg     + . .     Faith    .   r - +0 scale mail (curse)
rPois    ∞         Spirit   .   l - +1 helmet
rElec    +         Reflect  .   (no cloak)
rCorr    .         Harm     .   (no gloves)
MR       +....                  (no boots)
Stlth    ..........             n - amulet of inaccuracy (curse)
Regen    0.2/turn               o - ring of protection from magic {MR+, !d}
MPRegen  0.1/turn               (no ring)

@: mighty
A: negative energy resistance 1, electricity resistance, unbreathing,
petrification resistance, rot immunity, AC +4
a: no special abilities


You were on level 5 of the Dungeon.
You were not hungry.

You visited 1 branch of the dungeon, and saw 5 of its levels.

You collected 225 gold pieces.

Inventory:

Hand Weapons
 a - a +0 flail (weapon)
 b - the +6 hunting sling of Courage {flame, Str+4}
   (You found it on level 4 of the Dungeon)

   It causes projectiles fired from it to burn those they strike, causing extra
   injury to most foes and up to half again as much damage against particularly
   susceptible opponents.
   It affects your strength (+4).
 B - a +0 fustibalus
   (You found it on level 4 of the Dungeon)
Missiles
 h - 2 throwing nets {=f, !d}
 m - 3 curare-tipped needles
 y - 101 stones (quivered)
 C - 15 sling bullets
Armour
 c - a +0 shield (worn)
 l - a +1 helmet (worn)
   (You took it off Robin on level 2 of the Dungeon)
 r - a cursed +0 scale mail (worn)
   (You found it on level 3 of the Dungeon)
 v - a +0 scale mail
Jewellery
 n - a cursed amulet of inaccuracy (around neck)
   (You found it on level 3 of the Dungeon)
 o - a ring of protection from magic (left hand) {MR+, !d}
   (You found it on level 3 of the Dungeon)
Scrolls
 g - 4 scrolls of identify
 p - a scroll of random uselessness
 u - 2 scrolls of enchant armour
 A - a scroll of immolation {!r}
Potions
 e - 2 potions of cancellation {unknown}
 j - a potion of haste
 s - 2 potions of heal wounds
 z - a potion of degeneration {unknown}
Books
 q - a book of Misfortune
   (You found it on level 3 of the Dungeon)
 w - a book of Cantrips
   (You found it on level 4 of the Dungeon)
Comestibles
 f - 3 bread rations {@e1}
 i - a meat ration {@e2}


   Skills:
 + Level 4.9 Fighting
 * Level 4.9 Maces & Flails
 + Level 5.1 Armour
 + Level 2.4 Dodging
 + Level 5.1 Shields


You had 6 spell levels left.
You didn't know any spells.

Dungeon Overview and Level Annotations

Branches:
Dungeon (5/15)
 Temple: D:4-7

Altars:
Ashenzari
Qazlal
Trog

Annotations:
D:4 Sigmund


Innate Abilities, Weirdness & Mutations

You are resistant to torment.
Your stone body is resilient. (AC +4)
You are immune to poison.
You resist negative energy. (rN+)
You are resistant to electric shocks. (rElec)
You can survive without breathing.
You are immune to petrification.
You are immune to rotting.


Message History

Aim: an orc priest, wielding a dagger You shoot a stone.
The stone hits the orc priest but does no damage.
A phantom comes into view.
The centaur wields a shortbow.
The centaur shoots an arrow.
You block the arrow.
You see here an arrow.
The +6 hunting sling of Courage {flame, Str+4} stops flaming.
a - a +0 flail (weapon)
You feel very mighty all of a sudden.
You miss the orc wizard. The orc wizard casts a spell at you.
You block the puff of flame.
You miss the orc wizard.
The orc wizard points at you and mumbles some strange words.
The puff of flame hits you!
You miss the orc priest. You block the orc wizard's attack.
The orc priest hits you but does no damage.
The orc wizard hits you but does no damage.
The orc priest hits you but does no damage.
You miss the orc priest. You block the orc wizard's attack.
The orc priest calls down the wrath of Beogh upon you.
You resist with some effort.
You miss the orc priest. The orc wizard barely misses you.
The orc priest hits you but does no damage.
You hit the orc priest.
The orc wizard points at you and mumbles some strange words.
The puff of flame hits you!
The orc priest hits you but does no damage.
An adder zombie comes into view.
You sock the orc priest!
You kill the orc priest!
The orc wizard hits you but does no damage.
The centaur unwields an uncursed shortbow.
You block the centaur's attack.
The orc wizard looks braver for a moment.
You miss the orc wizard. The centaur closely misses you.
The centaur barely misses you. The orc wizard casts a spell at you.
The puff of flame hits you!
Unknown command.
You miss the orc wizard. The centaur barely misses you.
The orc wizard hits you but does no damage.
The centaur hits you but does no damage.
You miss the orc wizard. The centaur closely misses you.
The orc wizard gestures at you while chanting.
The puff of flame hits you!
The centaur hits you but does no damage.
You sock the orc wizard! You block the orc wizard's attack.
The centaur hits you but does no damage.
You closely miss the orc wizard. The centaur hits you.
You block the orc wizard's attack. The centaur hits you.
The orc wizard closely misses you.
You hit the centaur. The centaur closely misses you.
You block the centaur's attack. The orc wizard completely misses you.
You closely miss the centaur. You block the centaur's attack.
The centaur barely misses you.
The orc wizard hits you but does no damage.
You sock the centaur! The centaur hits you.
The orc wizard casts a spell at you. The magic dart hits you!
The centaur closely misses you.
The orc wizard looks encouraged for a moment.
You hit the centaur. The centaur hits you.
The centaur hits you but does no damage.
The orc wizard closely misses you.
You closely miss the centaur. You block the centaur's attack.
The orc wizard hits you but does no damage.
The centaur hits you but does no damage.
You thump the centaur!
You kill the centaur!
Your Shields skill increases to level 5!
The orc wizard hits you but does no damage.
You barely miss the orc wizard. You block the phantom's attack.
The orc wizard gestures at you while chanting.
The magic dart hits you! The phantom completely misses you.
You closely miss the orc wizard. You block the orc wizard's attack.
The phantom hits you but does no damage.
The orc wizard gestures at you while chanting.
The puff of frost hits you!
* * * LOW HITPOINT WARNING * * *
You closely miss the orc wizard.
The phantom hits you but does no damage.
The orc wizard hits you but does no damage.
You sock the orc wizard!
You kill the orc wizard!
The phantom blinks!
You block the adder zombie's attack.
The adder zombie bites you but does no damage.
Items here: ( )) † an uncursed shortbow; 21 arrows; a dagger; a centaur corpse You sock the orc!
You kill the orc!
You block the adder zombie's attack.
You barely miss the orc priest. You block the phantom's attack.
You block the orc priest's attack.
The adder zombie bites you but does no damage.
The phantom hits you but does no damage.
You closely miss the orc priest. You block the adder zombie's attack.
The orc priest mumbles some strange prayers to Beogh against you.
Beogh smites you!
You die...

........#
#..#
......####
##.###+#
......
#..##.#
......
##.##.#
#..#.#
##.#.# #.#.#
#
#.#W####'###
#.@Z#..$(%(.
##.o'..(.(W.
#..#.......
#..#.).....
#.>#.......
###########


You could see a phantom, an orc priest and an adder zombie.

Vanquished Creatures
  Edmund (D:5)
  A centaur (D:5)
  A howler monkey (D:4)
  A hound (D:5)
  2 orc wizards
  An orc priest (D:5)
  3 worker ants
  Robin (D:2)
  7 gnolls
  6 adders
  A shadow imp (D:5)
  2 oozes
  6 worms
  11 dart slugs
  4 leopard geckos
  8 orcs
  11 giant cockroaches
  13 goblins
  13 hobgoblins
  8 jackals
  4 kobolds
  3 quokkas
  8 bats
  2 frilled lizards (D:2)
  A quokka skeleton (D:4)
  6 rats
125 creatures vanquished.

Vanquished Creatures (others)
  An orc wizard (D:4)
1 creature vanquished.

Grand Total: 126 creatures vanquished

Notes
Turn   | Place    | Note
-------+----------+-------------------------------------------
     0 | D:1      | Gorglomux the Gargoyle Fighter began the quest for the Orb.
     0 | D:1      | Reached XP level 1. HP: 14/14 MP: 1/1
   190 | D:1      | Reached XP level 2. HP: 19/19 MP: 2/2
   467 | D:1      | Reached XP level 3. HP: 17/23 MP: 3/3
   814 | D:2      | Reached skill level 1 in Dodging
   814 | D:2      | Reached XP level 4. HP: 14/29 MP: 4/4
  1072 | D:2      | Reached skill level 3 in Maces & Flails
  1113 | D:2      | Noticed Robin
  1143 | D:2      | Killed Robin
  1155 | D:2      | Reached XP level 5. HP: 24/33 MP: 5/5
  1159 | D:2      | Reached skill level 4 in Shields
  1311 | D:2      | Noticed a moth of wrath
  1314 | D:2      | Found a bloodstained altar of Trog.
  1336 | D:2      | Reached skill level 4 in Fighting
  2038 | D:3      | Reached skill level 4 in Armour
  2373 | D:3      | Found a stormy altar of Qazlal.
  2530 | D:3      | Reached XP level 6. HP: 25/38 MP: 6/6
  3365 | D:4      | Found a shattered altar of Ashenzari.
  3439 | D:4      | Got a scorched hunting sling
  3440 | D:4      | Identified the +6 hunting sling of Courage {flame, Str+4} (You found it on level 4 of the Dungeon)
  3906 | D:4      | Reached skill level 4 in Maces & Flails
  3955 | D:4      | Noticed Sigmund
  4040 | D:4      | HP: 4/39 [orc wizard/puff of flame (8)]
  4047 | D:4      | Reached XP level 7. HP: 5/44 MP: 7/7
  4524 | D:5      | Entered Level 5 of the Dungeon
  4573 | D:5      | Reached skill level 2 in Dodging
  4644 | D:5      | Noticed Edmund
  4669 | D:5      | Killed Edmund
  4669 | D:5      | Reached skill level 5 in Armour
  4851 | D:5      | Reached skill level 5 in Shields
  4859 | D:5      | Killed from afar by an orc priest

Skill      XL: |  1  2  3  4  5  6  7 |
---------------+----------------------+-----
Dodging        | 1 2 |  2.4
Maces & Flails | 3 4 |  4.9
Shields        | 4 5 |  5.1
Fighting       | 4 |  4.9
Armour         | 4 5 |  5.1

Action                   |  1- 3 |  4- 6 |  7- 9 || total
-------------------------+-------+-------+-------++-------
Melee: Flail             |   111 |   466 |    56 ||   633
 Fire: Hunting sling     |       |     3 |    37 ||    40
Throw: Stone             |       |    18 |     3 ||    21
  Use: Scroll            |       |     7 |       ||     7
       Potion            |       |     1 |     1 ||     2
  Eat: Chunk             |       |    10 |       ||    10
       Meat ration       |       |       |     1 ||     1
       Royal jelly       |       |       |     1 ||     1
Armor: Scale mail        |    67 |   283 |    39 ||   389
Dodge: Dodged            |    37 |   183 |    35 ||   255
Block: Shield            |    65 |   301 |    38 ||   404

Vault maps used:
D:1:      dpeg_arrival_yet_another_circle
D:2:      tgw_trog, first_bread, kennysheep_generic_room_4, uniq_robin
D:3:      mumra_celtic_spiral_tile, tso_altar, lemuel_round_altar,
          kennysheep_generic_room_9
D:4:      kennysheep_slugbush, ashenzari_altar_1, uniq_sigmund
D:5:      overflow_temple_1_default, uniq_edmund

Table legend:
 A = Turns spent in this place as a percentage of turns spent in the entire game.
 B = Non-inter-level travel turns spent in this place as a percentage of non-inter-level travel turns spent in the entire game.
 C = Inter-level travel turns spent in this place as a percentage of turns spent in this place.
 D = Turns resting spent in this place as a percentage of non-inter-level travel turns spent in this place.
 E = Turns spent auto-exploring this place as a percentage of non-inter-level travel turns spent in this place.
 F = Non-inter-level travel turns spent in this place divided by the number of levels of this place that you've seen.
                   A       B       C       D       E      F
               +-------+-------+-------+-------+-------+----------------------
         Total | 100.0 | 100.0 |   0.8 |   0.8 |   6.8 | 337.4
       Dungeon | 100.0 | 100.0 |   0.8 |   0.8 |   6.8 | 337.4
               +-------+-------+-------+-------+-------+----------------------

Table legend:
 A = Kills in this place as a percentage of kills in entire the game.
 B = Kills by you in this place as a percentage of kills by you in the entire game.
 C = Kills by friends in this place as a percentage of kills by friends in the entire game.
 D = Other kills in this place as a percentage of other kills in the entire game.
 E = Experience gained in this place as a percentage of experience gained in the entire game.
 F = Experience gained in this place divided by the number of levels of this place that you have seen.
                   A       B       C       D       E      F
               +-------+-------+-------+-------+-------+----------------------
         Total | 100.0 | 100.0 |  -nan | 100.0 | 100.0 | 216.0
       Dungeon | 100.0 | 100.0 |  -nan | 100.0 | 100.0 | 216.0
               +-------+-------+-------+-------+-------+----------------------
